 Dungeon Crawl Stone Soup version 0.17-a0-1714-g35622ae (webtiles) character file.

188860 kae the Minotaur Blade (level 17, -6/149 HPs)
             Began as a Minotaur Fighter on Aug 23, 2015.
             Was the Champion of Qazlal.
             Mangled by a glaive of chopping (12 damage)
             ... on level 2 of the Elven Halls.
             The game lasted 00:49:14 (28433 turns).

kae the Minotaur Blade (Minotaur Fighter)          Turns: 28433, Time: 00:49:15

Health: -6/149     AC: 29    Str: 29    XL:     17   Next: 92%
Magic:  18/25      EV: 13    Int:  7    God:    Qazlal [******]
Gold:   3178       SH: 10    Dex: 14    Spells: 0 memorised, 16 levels left

rFire  + . .     SeeInvis .     a - +5 great sword (freeze)
rCold  . . .     Clarity  .     X - +6 chain mail {rF+}
rNeg   . . .     SustAt   .     (no shield)
rPois  .         Gourm    .     (helmet restricted)
rElec  .         Spirit   .     E - +0 cloak
rCorr  .         Warding  .     s - +2 pair of gloves {Dex+3}
rMut   .         Stasis   .     (no boots)
MR     ++...                    G - amulet of regeneration
Stlth  ..........               r - ring "Ipolub" {EV+4 Str+4 Slay+3}
                                l - ring of protection from magic

@: protected from physical damage, repel missiles, very resistant to hostile
enchantments, extremely unstealthy
A: retaliatory headbutt, horns 2, large bone plates 1, thin metallic scales 1
a: Upheaval, Elemental Force, Disaster Area, Renounce Religion


You were on level 2 of the Elven Halls.
You worshipped Qazlal.
Qazlal was exalted by your worship.
You were hungry.

You visited 5 branches of the dungeon, and saw 30 of its levels.
You also visited: Ossuary, Ice Cave and Volcano.

You collected 3832 gold pieces.
You spent 654 gold pieces at shops.

Inventory:

Hand weapons
 a - a +5 great sword of freezing (weapon)
 b - a +1 great sword of flaming
Armour
 o - a +2 pair of gloves
 s - a +2 pair of gloves of dexterity (worn)
 w - a +3 chain mail of poison resistance
 E - a +0 cloak (worn)
 X - a +6 chain mail of fire resistance (worn)
Jewellery
 d - a +2 ring of strength
 l - a ring of protection from magic (left hand)
 r - the ring "Ipolub" (right hand) {EV+4 Str+4 Slay+3}
   (You found it on level 6 of the Dungeon)

   [ring of evasion]

   It affects your evasion (+4).
   It affects your strength (+4).
   It affects your accuracy and damage with ranged weapons and melee attacks
   (+3).
 G - an amulet of regeneration (around neck)
 M - an uncursed ring of see invisible
 R - an uncursed ring of poison resistance
 W - a +3 ring of intelligence
Magical devices
 e - a wand of digging (0)
 j - a wand of teleportation (2)
 D - a wand of draining (5)
 F - a wand of flame (12)
 S - a wand of confusion (2)
Scrolls
 f - 7 scrolls of blinking
 h - a scroll of recharging
 q - 8 scrolls of remove curse
 u - 2 scrolls of fog
 y - a scroll of amnesia
 z - 12 scrolls of identify
 H - a scroll of magic mapping
 I - 6 scrolls of fear
 L - 6 scrolls of teleportation
 Y - 2 scrolls of enchant weapon
Potions
 g - 4 potions of mutation
 k - 4 potions of cure mutation
 m - a potion of resistance
 n - a potion of magic
 p - 9 potions of brilliance
 A - 3 potions of might
 B - 7 potions of curing
 C - 3 potions of cancellation
 J - a potion of agility
 K - 2 potions of flight
 N - 2 potions of berserk rage
 O - 3 potions of ambrosia
 P - 2 potions of haste
 V - 3 potions of invisibility
Books
 x - a book of Changes

   Spells                             Type                      Level
   a - Beastly Appendage              Transmutation                1
   b - Sticks to Snakes               Transmutation                2
   c - Spider Form                    Transmutation/Poison         3
   d - Ice Form                       Ice/Transmutation            4
   e - Blade Hands                    Transmutation                5
 Z - a book of Dreams

   Spells                             Type                      Level
   a - Ensorcelled Hibernation        Hexes/Ice                    2
   b - Phase Shift                    Translocation                5
   c - Shadow Creatures               Summoning                    5
   d - Silence                        Hexes/Air                    5
   e - Darkness                       Hexes                        6
   f - Mass Confusion                 Hexes                        6
Comestibles
 i - 4 meat rations
 t - 4 beef jerkies
 v - a royal jelly
 Q - 17 bread rations
 U - 13 fruits


   Skills:
 - Level 13.0 Fighting
 + Level 26.9 Long Blades
 - Level 10.4 Armour
   Level 3.6 Shields
 - Level 12.4 Invocations


You had 16 spell levels left.
You didn't know any spells.

Dungeon Overview and Level Annotations

Branches:
Dungeon (15/15)            Temple (1/1) D:4            Lair (8/8) D:10
 Shoals (0/4) Lair:3        Snake (0/4) Lair:4        Slime (0/6) Lair:6
    Orc (4/4) D:12            Elf (2/3) Orc:3        Vaults (0/5) D:14
 Depths (0/5) D:15

Altars:
Ashenzari
Cheibriados
Dithmenos
Elyvilon
Fedhas
Gozag
Kikubaaqudgha
Makhleb
Nemelex Xobeh
Okawaru
Qazlal
Ru
Sif Muna
Trog
Vehumet
Xom
Yredelemnul
Zin
The Shining One
Beogh

Shops:
D:4 *[   D:9 =   D:10 ?   D:12 *   Orc:2 *   Orc:4 :*([   Elf:1 %

Portals:
Hell: Lair:8

Annotations:
D:9 1 exclusion


Innate Abilities, Weirdness & Mutations

You reflexively headbutt those who attack you in melee.
You have a pair of horns on your head.
You are partially covered in large bone plates (AC +2, SH +2).
You are partially covered in thin metallic scales (AC +2).


Message History

You closely miss the antimagic eveningstar.
You headbutt the antimagic eveningstar.
The antimagic eveningstar is heavily damaged.
The antimagic eveningstar hits you but does no damage.
You slice the antimagic eveningstar like a ripe choko!!!
The antimagic eveningstar falls from the air.
Your surroundings seem slightly different.
You block the glaive of chopping's attack.
The glaive of chopping hits you but does no damage.
A trident of venom comes into view.
You slice the glaive of chopping!! You freeze the glaive of chopping.
Your headbutt misses the glaive of chopping.
The glaive of chopping is severely damaged.
The glaive of chopping hits you!
* * * LOW HITPOINT WARNING * * *
x2 You closely miss the glaive of chopping.
Your headbutt misses the glaive of chopping.
The glaive of chopping is severely damaged.
The glaive of chopping hits you!
You die...

((§# ## ### ## (#'x. ##.#
##.## #.## ###e...
#...##...##...##
§..............§.........
......... #(...§..§.....
......... #(.§.........
......... ##..§.......#
....... ##§§§..§.....#
....... #....@§.......
....... .........(§......
..........§......
.................
.................
................
................
...............


You could see 3 dancing weapons.

Vanquished Creatures
  Rupert (D:13)
  A deep elf blademaster (Elf:2)
  The ghost of zkyp the Bludgeoner, a mighty OpAK of Lugonu (IceCv)
  A frost giant (IceCv)
  An orc warlord (Orc:4)
  A dire elephant (Lair:8)
  A deep elf annihilator (Elf:2)
  A vault guard (D:14)
  5 slime creatures
  Snorg (Lair:5)
  A deep elf death mage (Elf:2)
  12 hydras
  A fire dragon (D:14)
  Fannar (Lair:2)
  A hell beast (Lair:8)
  Erolcha (D:9)
  A catoblepas (D:13)
  7 dancing weapons (Elf:2)
  6 centaur warriors
  The ghost of 4thArraOfDagon the Basher, an experienced CeAE of Okawaru (D:11)
  7 death yaks
  6 deep elf knights (Elf:2)
  3 orc high priests
  Sonja (Lair:1)
  A small abomination (Elf:2)
  5 skeletal warriors
  A fire crab (Lair:8)
  2 wizards
  4 hill giants
  5 deep elf summoners
  An ice statue (IceCv)
  An unseen horror (D:12)
  Pikel (D:5)
  4 orc knights
  A flayed ghost (D:15)
  3 necromancers
  9 orc sorcerers
  2 griffons (Lair:8)
  3 cyclopes
  2 ugly things
  An oklob plant (Lair:8)
  11 deep elf conjurers
  A toenail golem (Volcano)
  A salamander (shapeshifter) (Elf:1)
  25 elephants
  2 sirens (Lair:3)
  2 guardian serpents (D:15)
  8 black mambas
  An orange demon (Lair:8)
  12 spiny frogs
  4 centaur skeletons
  A smoke demon (Volcano)
  2 kobold demonologists
  An efreet (D:15)
  4 fire drakes
  A yaktaur zombie (D:15)
  9 komodo dragons
  A freezing wraith (D:15)
  2 tengu conjurers (D:15)
  9 deep elf priests (Elf:2)
  4 trolls
  A hellwing (Lair:8)
  2 red devils (Lair:8)
  2 merfolk (Lair:3)
  4 blue devils (Lair:8)
  Grinder (D:5)
  16 polar bears
  2 two-headed ogres
  7 blink frogs
  A deep troll zombie (D:15)
  2 spriggans
  2 wraiths
  A shadow (D:15)
  11 deep elf magi
  66 yaks
  21 humans (D:14)
  3 wyverns
  A deep troll skeleton (D:15)
  A fire bat (Volcano)
  20 deep elf fighters
  Eustachio (D:4)
  3 basilisks
  A trapdoor spider (D:12)
  13 hippogriffs
  4 hungry ghosts
  3 vampire mosquitoes (D:15)
  32 wolves
  A naga (Lair:4)
  4 hell hounds
  A mottled dragon (D:10)
  3 wargs
  13 water moccasins
  7 porcupines
  6 sky beasts
  A necrophage (D:9)
  22 orc warriors
  4 slaves (D:5)
  A phantom (D:14)
  A black bear (shapeshifter) (D:13)
  10 ogres
  3 black bears
  27 crocodiles
  4 ice beasts
  26 centaurs
  4 big kobolds
  4 elf zombies
  4 elf skeletons (D:7)
  17 giant frogs
  5 scorpions
  5 wights (D:12)
  A tengu zombie (D:15)
  19 killer bees
  A wasp zombie (D:10)
  3 centaur zombies
  7 crimson imps
  3 giant frog zombies
  2 lava snakes (Volcano)
  10 hounds
  A quasit (D:9)
  A giant frog skeleton (D:8)
  2 human zombies (D:7)
  7 jellies
  Crazy Yiuf (D:5)
  18 orc priests
  32 orc wizards
  8 iguanas
  7 hell rats (Lair:5)
  7 worker ants
  29 sheep
  A hound zombie (D:7)
  2 hound skeletons
  2 mummies (Ossuary)
  2 gnolls (D:4)
  12 adders
  57 river rats
  5 shadow imps
  12 white imps (D:11)
  15 oozes (Lair:7)
  3 adder zombies (Ossuary)
  An adder skeleton (D:6)
  5 worms
  10 giant geckos
  158 orcs
  7 bats
  4 giant cockroaches
  11 goblins
  15 hobgoblins
  5 jackals
  5 giant newts
  A goblin zombie (Ossuary)
  12 hobgoblin zombies (Ossuary)
  56 kobolds
  7 kobold zombies (Ossuary)
  2 orc skeletons (D:7)
  10 orc zombies
  4 quokkas
  3 quokka skeletons
  26 rats
  2 rat zombies (Ossuary)
  A bush (Lair:8)
  6 crawling corpses (Elf:2)
  58 fungi
  44 plants
1327 creatures vanquished.

Vanquished Creatures (others)
  An ugly thing (D:15)
  2 polar bears (IceCv)
  A deep elf mage (Elf:2)
  A deep elf fighter (Elf:2)
  A wolf (IceCv)
  An orc warrior (Orc:4)
  A river rat (Lair:8)
  An orc (Orc:4)
  20 fungi
  11 plants
40 creatures vanquished.

Grand Total: 1367 creatures vanquished

Notes
Turn   | Place    | Note
--------------------------------------------------------------
     0 | D:1      | kae the Minotaur Fighter began the quest for the Orb.
     0 | D:1      | Reached XP level 1. HP: 19/19 MP: 0/0
   281 | D:1      | Reached XP level 2. HP: 26/26 MP: 1/1
   773 | D:2      | Reached skill level 4 in Long Blades
   773 | D:2      | Reached XP level 3. HP: 26/31 MP: 2/2
  1068 | D:2      | Found a radiant altar of Vehumet.
  1125 | D:2      | Reached skill level 5 in Long Blades
  1174 | D:2      | Found a sparkling altar of Nemelex Xobeh.
  1209 | D:2      | Found a shimmering altar of Xom.
  1421 | D:2      | Found a burning altar of Makhleb.
  1608 | D:3      | HP: 1/31 [giant frog zombie (2)]
  1609 | D:3      | Reached XP level 4. HP: 1/39 MP: 3/3
  1937 | D:3      | Reached skill level 6 in Long Blades
  2039 | D:3      | Reached XP level 5. HP: 40/45 MP: 4/4
  2411 | D:3      | Reached skill level 7 in Long Blades
  2713 | D:3      | Found a faded altar to an unknown god.
  2903 | D:3      | Reached XP level 6. HP: 47/51 MP: 5/5
  3051 | D:4      | Found Cesemp's Armour Shop.
  3165 | D:4      | Found a staircase to the Ecumenical Temple.
  3200 | Temple   | Entered the Ecumenical Temple
  3272 | Temple   | Became a worshipper of Qazlal Stormbringer
  3464 | D:4      | Noticed Eustachio
  3490 | D:4      | Killed Eustachio
  3490 | D:4      | Reached skill level 8 in Long Blades
  3808 | D:4      | Reached skill level 9 in Long Blades
  3920 | D:4      | Found an iron altar of Okawaru.
  3929 | D:4      | Found Ithraysk's Assorted Antiques.
  3961 | D:4      | Bought a fuming red potion for 18 gold pieces
  3961 | D:4      | Bought a scroll labeled PITAEKK JADYR for 21 gold pieces
  3961 | D:4      | Bought a scroll labeled SACVAU MUSCHO for 21 gold pieces
  3961 | D:4      | Bought a lumpy jasper amulet for 105 gold pieces
  3976 | D:4      | Reached XP level 7. HP: 57/57 MP: 6/6
  3991 | D:4      | Found a white marble altar of Elyvilon.
  4349 | D:4      | Reached skill level 10 in Long Blades
  4468 | D:4      | Acquired Qazlal's first power
  4949 | D:5      | Entered Level 5 of the Dungeon
  5019 | D:5      | Noticed Pikel
  5028 | D:5      | Killed Pikel
  5028 | D:5      | Acquired Qazlal's second power
  5028 | D:5      | Reached skill level 12 in Long Blades
  5028 | D:5      | Reached XP level 8. HP: 41/64 MP: 7/7
  5299 | D:5      | Reached skill level 13 in Long Blades
  5344 | D:5      | Gained mutation: You are partially covered in thin metallic scales (AC +2). [potion of beneficial mutation]
  5345 | D:5      | Gained mutation: You are partially covered in large bone plates (AC +2, SH +2). [potion of beneficial mutation]
  5461 | D:5      | Noticed Crazy Yiuf
  5467 | D:5      | Killed Crazy Yiuf
  5547 | D:5      | Paralysed by Grinder for 2 turns
  5548 | D:5      | Noticed Grinder
  5572 | D:5      | Paralysed by Grinder for 3 turns
  5607 | D:5      | Killed Grinder
  5607 | D:5      | Reached XP level 9. HP: 42/70 MP: 8/8
  5696 | D:6      | You fall through a shaft for 2 floors!
  5696 | D:8      | Found a sacrificial altar of Ru.
  5776 | D:7      | Reached skill level 14 in Long Blades
  5884 | D:7      | Found a sand-covered staircase.
  5889 | Ossuary  | Entered an ossuary
  6038 | Ossuary  | Acquired Qazlal's third power
  6323 | D:7      | Reached skill level 15 in Long Blades
  6457 | D:6      | Got an ancient steel ring
  6566 | D:6      | Identified the ring "Ipolub" {EV+4 Str+4 Slay+3} (You found it on level 6 of the Dungeon)
  7427 | D:7      | Found a basalt altar of Yredelemnul.
  7490 | D:7      | Acquired Qazlal's fourth power
  7547 | D:7      | Reached skill level 16 in Long Blades
  7591 | D:7      | Reached XP level 10. HP: 77/77 MP: 9/9
  8042 | D:8      | Found a snail-covered altar of Cheibriados.
  8229 | D:8      | Reached skill level 17 in Long Blades
  9002 | D:9      | Found a deep blue altar of Sif Muna.
  9023 | D:9      | Found Jolifon's Jewellery Shop.
  9028 | D:9      | Bought an uncursed ring of poison resistance for 280 gold pieces
  9106 | D:9      | Noticed a moth of wrath
  9112 | D:9      | Found a bloodstained altar of Trog.
  9188 | D:9      | Acquired Qazlal's fifth power
  9312 | D:9      | Noticed Erolcha
  9323 | D:9      | Killed Erolcha
  9323 | D:9      | Reached skill level 18 in Long Blades
  9562 | D:10     | Entered Level 10 of the Dungeon
  9683 | D:10     | Reached XP level 11. HP: 76/82 MP: 10/10
  9842 | D:10     | Found Cikhlits's Magic Scroll Boutique.
  9849 | D:10     | Bought a scroll of identify for 28 gold pieces
  9849 | D:10     | Bought a scroll of identify for 28 gold pieces
  9934 | D:10     | Reached XP level 12. HP: 88/110 MP: 11/11
  9935 | D:10     | Reached skill level 10 in Armour
  9935 | D:10     | Reached XP level 13. HP: 92/116 MP: 12/12
 10105 | D:10     | Reached skill level 1 in Invocations
 10327 | D:10     | Found a staircase to the Lair.
 10608 | D:11     | Found a frozen archway.
 10618 | D:11     | Noticed 4thArraOfDagon's ghost (experienced CeAE)
 10629 | D:11     | Killed 4thArraOfDagon's ghost
 10664 | IceCv    | Entered an ice cave
 10848 | IceCv    | Reached skill level 5 in Invocations
 11198 | IceCv    | Noticed zkyp's ghost (mighty OpAK)
 11251 | IceCv    | Killed zkyp's ghost
 11563 | IceCv    | Noticed a frost giant
 11574 | IceCv    | Killed a frost giant
 11969 | D:11     | Reached skill level 10 in Invocations
 12790 | D:12     | Reached XP level 14. HP: 124/124 MP: 21/21
 12861 | D:12     | Found a white marble altar of Elyvilon.
 13080 | D:12     | Found a staircase to the Orcish Mines.
 13207 | D:12     | Found Ocushuh's Assorted Antiques.
 13572 | Lair:1   | Entered Level 1 of the Lair of Beasts
 13670 | Lair:1   | Found a dark tunnel.
 13703 | Volcano  | Entered a volcano
 13795 | Volcano  | Found a bloodstained altar of Trog.
 13829 | Volcano  | Found a bloodstained altar of Trog.
 14083 | Lair:1   | Noticed Sonja
 14259 | Lair:1   | Killed Sonja
 14259 | Lair:1   | Reached skill level 19 in Long Blades
 14883 | Lair:2   | Noticed Fannar
 14898 | Lair:2   | Killed Fannar
 15679 | Lair:3   | Found a staircase to the Shoals.
 16252 | Lair:4   | Reached skill level 20 in Long Blades
 16334 | Lair:4   | Found a staircase to the Snake Pit.
 17227 | Lair:5   | Noticed Snorg
 17235 | Lair:5   | Killed Snorg
 17815 | Lair:2   | Reached XP level 15. HP: 129/135 MP: 23/23
 17891 | Lair:6   | Found a staircase to the Slime Pits.
 18183 | Lair:6   | Reached skill level 21 in Long Blades
 18535 | Lair:7   | Reached XP level 16. HP: 65/143 MP: 24/24
 19166 | Lair:7   | Reached skill level 22 in Long Blades
 19451 | Lair:8   | Entered Level 8 of the Lair of Beasts
 19728 | Lair:8   | Reached skill level 23 in Long Blades
 20331 | Lair:8   | Found a burning altar of Makhleb.
 20414 | Lair:8   | Found a gateway to Hell.
 21037 | Orc:1    | Entered Level 1 of the Orcish Mines
 21155 | Orc:1    | Found a deep blue altar of Sif Muna.
 21244 | Orc:1    | Found a roughly hewn altar of Beogh.
 21301 | Orc:1    | Paralysed by an orc sorcerer for 3 turns
 21856 | Orc:2    | Found Gexeyt's Assorted Antiques.
 22500 | Orc:3    | You fall through a shaft!
 22500 | Orc:4    | Entered Level 4 of the Orcish Mines
 22500 | Orc:4    | Found a roughly hewn altar of Beogh.
 22536 | Orc:4    | Reached skill level 24 in Long Blades
 22932 | Orc:3    | Found a staircase to the Elven Halls.
 23194 | Orc:4    | Found Gima's General Store.
 23355 | Orc:4    | Found Boujor's Antique Weapon Boutique.
 23418 | Orc:4    | Found Ceidibip's Book Boutique.
 23518 | Orc:4    | Found Qaduah's Antique Armour Shoppe.
 23864 | Orc:4    | Bought a pair of runed gloves for 153 gold pieces
 23990 | D:13     | Noticed a hill giant
 23997 | D:13     | Killed a hill giant
 24067 | D:13     | Noticed Rupert
 24075 | D:13     | Killed Rupert
 24075 | D:13     | Reached XP level 17. HP: 109/149 MP: 13/25
 24286 | D:13     | You fall through a shaft for 2 floors!
 24286 | D:15     | Entered Level 15 of the Dungeon
 24286 | D:15     | Found a staircase to the Depths.
 24562 | D:14     | Reached skill level 25 in Long Blades
 25630 | D:14     | Found a gate to the Vaults.
 26813 | Elf:1    | Entered Level 1 of the Elven Halls
 26883 | Elf:1    | Found Eczaom's Food Shop.
 26900 | Elf:1    | Reached skill level 26 in Long Blades
 28109 | Elf:2    | Found a runed gate.
 28109 | Elf:2    | Found a runed gate.
 28111 | Elf:2    | Found a runed gate.
 28432 | Elf:2    | HP: 5/149 [glaive of chopping (3)]
 28433 | Elf:2    | Mangled by a glaive of chopping

Vault maps used:
D:1:      minmay_arrival_plants_in_alcoves, minmay_misc_feat_alley
D:2:      makhleb_blood_cavern_becter, xom_butterflies, vehumet_crystals,
          nemelex_deck
D:3:      forest_paths, ecumenical_altar_1, minmay_rat_hole
D:4:      minmay_goblin_kobold_castle, kennysheep_mini_moat,
          okawaru_ov_weapons_minmay, temple_statues, serial_shops, shop, shop,
          first_bread, uniq_eustachio
D:5:      uniq_pikel, uniq_crazy_yiuf_cottage, uniq_grinder
D:7:      kennysheep_little_box, nicolae_ossuary_entry_catacombs,
          grunt_ministairs_4
D:8:      old_standard_altar, lemuel_doored_altar, eino_jars, the_bakery
D:9:      kennysheep_mini, serial_shops, shop, tgw_trog, uniq_erolcha
D:10:     erik_lair_dragon, serial_shops, shop_coins
D:11:     portal_ice_cave_entry_imps
D:12:     orc_0_dummy, serial_shops, shop, lemuel_centaur_altar
D:13:     minmay_item_behind_shaft, uniq_rupert
D:14:     minmay_weird_star, grunt_vaults_entry_tiered,
          infiniplex_staircase_zigzag_4, hangedman_decor_lopped, feat_on_display
D:15:     gammafunk_depths_entry_grave, serial_park_square2,
          minmay_misc_feat_roman, st_stairs_9, nrook_guardian_serpent_ordinary
Temple:   roderic_octagonal_lattice_temple
Lair:1:   enter_volcano_3, uniq_sonja
Lair:2:   columned_hall_lemuel, infiniplex_staircase_pool, uniq_fannar
Lair:3:   elwin_shoals_entry_stream, grunt_megastairs_3
Lair:4:   guppyfry_snake_entry_island, st_stairs_11, serial_bayou_pond_d,
          lemuel_fruit_tree
Lair:5:   uniq_snorg
Lair:6:   slime_dummy, grunt_forest_stairs_clearing
Lair:7:   lemuel_slime
Lair:8:   evil_forest, serial_bayou_pond_a
Orc:1:    nicolae_orc_accident_1, basic_altar, led_sif_book
Orc:2:    serial_shops, shop
Orc:3:    nicolae_orc_pool_cavern
Orc:4:    grunt_orc_gardens, grunt_orc_garden, grunt_orc_garden,
          grunt_orc_garden, grunt_orc_garden, basic_altar, mines_bat_river
Elf:1:    elf_arrival_002, serial_shops, shop_statue
Ossuary:  ossuary_tomb_1
IceCv:    ice_cave_caverns_03
Volcano:  volcano_grotto

Action                   |  1- 3 |  4- 6 |  7- 9 | 10-12 | 13-15 | 16-18 || total
-------------------------+-------+-------+-------+-------+-------+-------++-------
Melee: Long sword        |    76 |   200 |   522 |   167 |       |       ||   965
       Great sword       |       |       |       |    57 |   837 |   958 ||  1852
Invok: Upheaval          |       |       |     2 |       |       |    12 ||    14
       Disaster Area     |       |       |       |       |       |     1 ||     1
Evoke: Wand              |       |       |       |       |       |     6 ||     6
  Use: Potion            |       |     1 |     3 |     7 |     6 |     2 ||    19
       Scroll            |       |       |    11 |    11 |    12 |     4 ||    38
  Eat: Chunk             |       |     2 |    12 |    15 |    22 |    35 ||    86
       Beef jerky        |       |     1 |       |       |       |       ||     1
       Pizza             |       |     1 |       |       |       |     1 ||     2
       Meat ration       |       |     1 |       |       |       |       ||     1
       Fruit             |       |       |     1 |       |       |     3 ||     4
       Bread ration      |       |       |       |     1 |       |       ||     1
